 Dungeon Crawl Stone Soup version 0.32-a0-699-g1ee5eff69a (webtiles) character file.

Game seed: 15200087200779303442

895 Sanktem7 the Chopper (level 7, 0/62 HPs)
             Began as a Minotaur Fighter on Mar 13, 2024.
             Was an Initiate of Okawaru.
             Succumbed to a gnoll's poison
             ... on level 5 of the Dungeon.
             The game lasted 00:06:11 (3514 turns).

Sanktem7 the Chopper (Minotaur Fighter)             Turns: 3514, Time: 00:06:11

Health: 0/62       AC:  9    Str: 23    XL:     7   Next: 78%
Magic:  6/6        EV:  8    Int:  5    God:    Okawaru [......]
Gold:   203        SH:  4    Dex:  9    Spells: 6/6 levels left

rFire   . . .        a - +0 war axe {axe}
rCold   . . .        c - +0 buckler
rNeg    . . .        b - +0 scale mail
rPois   .            v - +2 hat
rElec   .            (no cloak)
rCorr   .            (no gloves)
SInv    .            (no boots)
Will    .....        q - amulet of regeneration {@e2} Stlth
                     (no ring)
HPRegen 1.10/turn    (no ring)
MPRegen 0.10/turn

%: no passive effects
@: brilliant, lethally poisoned (0 -> -1)
A: horns 2, retaliatory headbutt
a: Renounce Religion


You were on level 5 of the Dungeon.
You worshipped Okawaru.
Okawaru was noncommittal.
You visited 2 branches of the dungeon, and saw 6 of its levels.

You collected 203 gold pieces.


Innate Abilities, Weirdness & Mutations

You have a pair of horns on your head.
You reflexively headbutt those who attack you in melee.


   Skills:
 + Level 5.9 Fighting
 * Level 7.1 Axes
 + Level 6.0 Armour
 + Level 6.0 Shields


You had 6 spell levels left.
You didn't know any spells.
Your spell library contained the following spells:

 Spells                   Type           Power      Damage    Failure   Level
 Dazzling Flash           Conj/Hex       0%         N/A       99%         3
 Mephitic Cloud           Conj/Alch/Air  0%         N/A       99%         3
 Curse of Agony           Necr           0%         N/A       100%        5
 Silence                  Hex/Air        0%         N/A       100%        5
 Summon Small Mammal      Summ           Unusable   N/A       N/A         1
 Call Canine Familiar     Summ           Unusable   N/A       N/A         3
 Summon Blazeheart Golem  Fire/Summ      Unusable   N/A       N/A         4

Inventory:

Hand Weapons
 a - a +0 war axe (weapon) {axe}
 t - the +7 great mace "Firestarter" {flame, immolate, rFlCloud rF++, mace}
   (You found it on level 4 of the Dungeon)

   rFlCloud:  It grants immunity to clouds of flame.
   rF++:      It greatly protects you from fire.
Missiles
 e - 14 stones (quivered) {throwing}
 h - a throwing net {=f!fthrowing}
 s - 3 poisoned darts {throwing}
 x - 3 boomerangs {throwing}
Armour
 b - a +0 scale mail (worn)
 c - a +0 buckler (worn)
 v - a +2 hat (worn)
   (You found it on level 4 of the Dungeon)
 D - a +0 pair of gloves
   (You found it on level 5 of the Dungeon)
Jewellery
 q - an amulet of regeneration (around neck) {@e2}
   (You took it off a goblin on level 3 of the Dungeon)
 B - a +6 ring of dexterity
   (You found it on level 5 of the Dungeon)
Wands
 p - a wand of polymorph (1)
   (You found it on level 3 of the Dungeon)
 u - a wand of flame (25)
   (You found it on level 4 of the Dungeon)
Scrolls
 f - 2 scrolls of fog {unknown}
 g - 4 scrolls of identify {unknown}
 i - 2 scrolls of teleportation {unknown}
 j - 2 scrolls of revelation {unknown}
 k - 2 scrolls of enchant armour {unknown}
 l - 2 scrolls of noise {unknown}
 o - 3 scrolls of vulnerability {unknown}
 r - a scroll of fear {unknown}
 y - a scroll of acquirement {unknown}
Potions
 d - 3 potions of might
 m - a potion of attraction {unknown}
 n - a potion of mutation {unknown}
 w - a potion of curing {unknown}
 z - a potion of brilliance
 A - a potion of haste {unknown}
 C - a potion of lignification {unknown}

Dungeon Overview and Level Annotations

Branches:
Dungeon (5/15) Zot: 26427  Temple (1/1) D:5 Zot: 5976

Altars:
Ashenzari
Cheibriados
Elyvilon
Fedhas
Hepliaklqana
Kikubaaqudgha
Nemelex Xobeh
Okawaru
Qazlal
Ru
Sif Muna
Xom
Yredelemnul
Zin
The Shining One

Shops:
D:1 [([

Annotations:
D:3 3 runed translucent doors, robwolf's ghost, amateur DrCj; zenocrate's ghost, amateur OpEE
D:4 1 runed translucent door, DeathSocks's ghost, amateur BaIE

######'###.. #.........#
#.........+ ##........#
#........# ####
##........#
#..####.........#
####....g).........##
#...@.g.###.......(..
##.ß.ß.ß...#..........
#..⌠.⌠.⌠...#########..
#...........#......#..
#....>......+......'..
..
+...........#......#..
...
#.....#....<#......###
#..#.....#.....#....†..#
#
#..#######....####....##


You could see a gnoll sergeant and a gnoll.


Message History

😱 HP[+1]
The gnoll attacks as it pursues you! You block the gnoll's attack. 😱 HP[+1]
The gnoll attacks as it pursues you!
The gnoll hits you but does no damage. 😱 HP[+1] 😨 HP[+1]
The gnoll completely misses you. 😨 HP[+2]
You regained 2 hp, and now have 18/62 hp. 😨 HP[+1] 😨 HP[+1]
The gnoll attacks as it pursues you!
The gnoll hits you but does no damage. 😨 HP[+1] 😨 HP[+1] 😨 HP[+1] 😨 HP[+1] 😨 HP[+1] 😨 HP[+1]
There is an open door here. 😨 HP[+1] 😨 HP[+2]
You regained 2 hp, and now have 29/62 hp. 😨 HP[+1] 😨 HP[+1] 😮 HP[+1]
The gnoll attacks as it pursues you!
The gnoll hits you but does no damage. 😮 HP[+1] 😮 HP[+1]
The gnoll attacks as it pursues you! The gnoll barely misses you. 😮 HP[+1]
The gnoll hits you with a +0 flail. 😮 HP[-1]
You take 1 damage, and now have 34/62 hp.
Things that are here:
a +0 hand axe {axe}; an orc corpse; 😮 HP[+1]
You completely miss the gnoll. Your headbutt misses the gnoll.
The gnoll hits you with a +0 flail. 😮 HP[+1]
You slash the gnoll!
You kill the gnoll!
Okawaru accepts your kill.
Your Shields skill increases to level 6! 😮 HP[+1]
You completely miss the gnoll. The gnoll misses you.
You block the gnoll's attack. 😮 HP[+1]
You barely miss the gnoll. The gnoll barely misses you.
The gnoll completely misses you. You furiously retaliate!
You headbutt the gnoll. 😮 HP[+1]
You slash the gnoll!
You kill the gnoll!
Okawaru accepts your kill.
The gnoll hits you from afar with a +0 halberd.
You barely miss the gnoll. You headbutt the gnoll!
You block the gnoll's attack.
The gnoll hits you with a +2 whip of venom.
You are poisoned.
The gnoll hits you but does no damage. 😮 HP[-3]
You take 3 damage, and now have 36/62 hp.
You barely miss the gnoll.
You feel very sick.
The gnoll hits you with a +2 whip of venom!
* * * LOW HITPOINT WARNING * * *
You are more poisoned.
The gnoll hits you from afar with a +0 halberd!
* * * LOW HITPOINT WARNING * * *
😨 HP[-17]
You take 17 damage, and now have 19/62 hp.
MASSIVE DAMAGE!! (PAUSE)
You slash the gnoll!
You kill the gnoll!
Okawaru accepts your kill.
You feel very sick.
The gnoll hits you from afar with a +0 halberd.
* * * LOW HITPOINT WARNING * * *
Your Armour skill increases to level 6! 😱 HP[-7]
You take 7 damage, and now have 12/62 hp.
You feel very sick. 😱 HP[-2]
You take 2 damage, and now have 10/62 hp.
You feel very sick. 😱 HP[-2]
You take 2 damage, and now have 8/62 hp.
You feel sick. The gnoll attacks as it pursues you!
The gnoll hits you from afar with a +0 halberd.
* * * LOW HITPOINT WARNING * * *
😱 HP[-6]
You take 6 damage, and now have 2/62 hp.
Unknown command.
* * * LOW HITPOINT WARNING * * *
You feel sick. 😱 HP[-1]
You take 1 damage, and now have 1/62 hp.
Unknown command.
It was a potion of brilliance.
You feel clever all of a sudden.
You die...

Skill      XL: |  1  2  3  4  5  6  7 |
---------------+----------------------+-----
Axes           | 3 4 5 6 7 |  7.1
Armour         | 4 5 6 |  6.0
Fighting       | 4 5 |  5.9
Shields        | 4 5 6 |  6.0

Action                     |  1- 3 |  4- 6 |  7- 9 || total
---------------------------+-------+-------+-------++-------
  Melee: War axe           |    72 |   124 |    39 ||   235
         Headbutt          |     3 |    24 |    10 ||    37
    Use: Potion            |       |       |     1 ||     1
 Armour: Scale mail        |    58 |   121 |    52 ||   231
  Dodge: Dodged            |    35 |    59 |    26 ||   120
  Block: Buckler           |    17 |    27 |    12 ||    56

Levels and vault maps discovered:
D:1:      lightli_iron_boxes, layout_rooms, serial_shops, shop, shop, shop,
          chequers_serial_rivers_micro_c, minmay_hexomino_p4
D:2:      layout_basic, minmay_surrounded
D:3:      layout_loops_cross, mainiacjoe_overflow_alcove_1,
          gammafunk_ghost_cemetery, dk_noncrumbling_3, hex_tiny,
          solitary_fountain, minivault_26, serial_bayou_lagoon_a
D:4:      cheibrodos_barr_body, layout_basic, lemuel_tele_altar, led_sif_pool,
          ebering_ghost_sewer_d
D:5:      layout_gridville, gammafunk_temple_overflow_elements,
          minmay_temple_entry_drinking_statues, gup_sewer_entry_bubbles,
          chequers_serial_rivers_micro_a, minmay_lizard_king
Temple:   nicolae_temple_ecumenical_triangle

Notes
Turn   | Place    | Note
-------+----------+-------------------------------------------
     0 | D:1      | Sanktem7 the Minotaur Fighter began the quest for the Orb.
     0 | D:1      | Reached XP level 1. HP: 19/19 MP: 0/0
     0 | D:1      | magus.rc [v1.9.6]
   158 | D:1      | Reached XP level 2. HP: 27/27 MP: 1/1
   159 | D:1      | Found Yzau's Antique Armour Shoppe.
   166 | D:1      | Found Imyhikh's Armour Emporium.
   174 | D:1      | Found Ebail's Antique Weapon Shoppe.
   226 | D:1      | Reached skill level 3 in Axes
   518 | D:1      | Reached skill level 4 in Armour
   637 | D:2      | Reached XP level 3. HP: 33/33 MP: 2/2
   640 | D:2      | Reached skill level 4 in Fighting
   649 | D:2      | Reached skill level 4 in Shields
   676 | D:2      | You pick up a book of the Senses and begin reading...
   676 | D:2      | You add the spells Dazzling Flash, Mephitic Cloud, Curse of
                  | Agony and Silence to your library.
   869 | D:2      | Reached XP level 4. HP: 35/40 MP: 3/3
   960 | D:2      | You pick up a book of Callings and begin reading...
   960 | D:2      | You add the spells Summon Small Mammal, Call Canine
                  | Familiar and Summon Blazeheart Golem to your library.
  1219 | D:3      | Found a shimmering altar of Xom.
  1248 | D:3      | Found a runed translucent gate.
  1253 | D:3      | Found a runed translucent gate.
  1253 | D:3      | Found a runed translucent gate.
  1254 | D:3      | Noticed zenocrate's ghost (amateur OpEE)
  1255 | D:3      | Noticed robwolf's ghost (amateur DrCj)
  1267 | D:3      | Reached skill level 4 in Axes
  2014 | D:4      | Noticed a black bear
  2021 | D:4      | Killed a black bear
  2022 | D:4      | Reached XP level 5. HP: 36/47 MP: 4/4
  2103 | D:4      | Reached skill level 5 in Axes
  2120 | D:4      | Found the +7 great mace "Firestarter" {flame, immolate,
                  | rFlCloud rF++}
  2205 | D:4      | Found a snail-covered altar of Cheibriados.
  2237 | D:4      | Reached XP level 6. HP: 39/55 MP: 5/5
  2379 | D:4      | Found a runed translucent door.
  2379 | D:4      | Noticed DeathSocks's ghost (amateur BaIE)
  2624 | D:4      | Found a shimmering blue altar of Sif Muna.
  2662 | D:4      | Reached skill level 5 in Fighting
  2662 | D:4      | Reached skill level 5 in Armour
  2662 | D:4      | Reached skill level 5 in Shields
  2750 | D:4      | Reached skill level 6 in Axes
  2750 | D:4      | HP: 12/56 [burnt (4)]
  2752 | D:4      | HP: 2/56 [burnt (5)]
  3221 | D:5      | Entered Level 5 of the Dungeon
  3230 | D:5      | Reached XP level 7. HP: 57/61 MP: 6/6
  3337 | D:5      | Found a staircase to the Ecumenical Temple.
  3346 | Temple   | Entered the Ecumenical Temple
  3364 | Temple   | Became a worshipper of Warmaster Okawaru
  3391 | D:5      | Reached skill level 7 in Axes
  3467 | D:5      | HP: 14/62 [poisoned by a gnoll]
  3472 | D:5      | HP: 9/62 [poisoned by a gnoll]
  3504 | D:5      | Reached skill level 6 in Shields
  3509 | D:5      | HP: 15/62 [poisoned by a gnoll]
  3510 | D:5      | Reached skill level 6 in Armour
  3512 | D:5      | HP: 7/62 [poisoned by a gnoll]
  3512 | D:5      | HP: 2/62 [gnoll/+0 halberd[a gnoll sergeant] (5)]
  3514 | D:5      | Succumbed to a gnoll's poison

Vanquished Creatures
  2 black bears (D:4)
  An ogre (D:5)
  2 scorpions (D:5)
  2 bombardier beetles (D:4)
  4 hounds
  2 iguanas
  2 sleepcaps (D:5)
  An orc wizard (D:4)
  4 gnolls (D:5)
  8 adders
  6 dart slugs
  3 ribbon worms (D:4)
  An orc (D:5)
  10 bats
  6 endoplasms
  4 giant cockroaches
  7 goblins
  6 hobgoblins
  A jackal (D:2)
  3 quokkas
  7 ball pythons
  7 frilled lizards
  9 kobolds
  5 rats
103 creatures vanquished.

Table legend:
 A = Non-vault XP
 B = Vault XP
 C = Vault XP percentage of total XP
 D = Non-vault monster count
 E = Vault monster count
 F = Vault count percentage of total count
                 A         B        C        D         E       F
            +---------+---------+-------+---------+---------+-------
      Total |     981 |     298 |  23.3 |      80 |      23 |  22.3
            +---------+---------+-------+---------+---------+-------
        D:1 |      35 |       5 |  12.5 |      21 |       3 |  12.5
        D:2 |      69 |      14 |  16.9 |      20 |       7 |  25.9
        D:3 |      44 |       0 |   0.0 |      17 |       0 |   0.0
        D:4 |     269 |     279 |  50.9 |       7 |      13 |  65.0
        D:5 |     564 |       0 |   0.0 |      15 |       0 |   0.0
            +---------+---------+-------+---------+---------+-------

Skill      XL: |  1  2  3  4  5  6  7 |
---------------+----------------------+-----
Axes           | 3 4 5 6 7 |  7.1
Armour         | 4 5 6 |  6.0
Fighting       | 4 5 |  5.9
Shields        | 4 5 6 |  6.0

Action                     |  1- 3 |  4- 6 |  7- 9 || total
---------------------------+-------+-------+-------++-------
  Melee: War axe           |    72 |   124 |    39 ||   235
         Headbutt          |     3 |    24 |    10 ||    37
    Use: Potion            |       |       |     1 ||     1
 Armour: Scale mail        |    58 |   121 |    52 ||   231
  Dodge: Dodged            |    35 |    59 |    26 ||   120
  Block: Buckler           |    17 |    27 |    12 ||    56

Illustrated notes

Table legend:
 A = Kills in this place as a percentage of kills in the entire game.
 B = Kills by you in this place as a percentage of kills by you in the entire game.
 C = Kills by friends in this place as a percentage of kills by friends in the entire game.
 D = Other kills in this place as a percentage of other kills in the entire game.
 E = Experience gained in this place as a percentage of experience gained in the entire game.
 F = Experience gained in this place divided by the number of levels of this place that you have seen.
                   A       B       C       D       E      F
               +-------+-------+-------+-------+-------+----------------------
         Total | 100.0 | 100.0 |   N/A |   N/A | 100.0 | 213.2
       Dungeon | 100.0 | 100.0 |   N/A |   N/A | 100.0 | 255.8
               +-------+-------+-------+-------+-------+----------------------

Table legend: (Time is in decaauts)
 A = Elapsed time spent in this place.
 B = Non-inter-level travel time spent in this place.
 C = Inter-level travel time spent in this place.
 D = Time resting spent in this place.
 E = Time spent auto-exploring this place.
 F = Levels seen in this place.
 G = Mean time per level.
                   A        B        C        D        E       F      G
               +--------+--------+--------+--------+--------+-----+--------+
         Total |   3595 |   3478 |    117 |      0 |   2666 |   6 |  599.2 |
       Dungeon |   3572 |   3455 |    117 |      0 |   2666 |   5 |  714.4 |
        Temple |     23 |     23 |      0 |      0 |      0 |   1 |   23.0 |
               +--------+--------+--------+--------+--------+-----+--------+

Top non-repeatable levels by time:
     D:4: 1289 daAuts
     D:3: 797 daAuts
     D:1: 652 daAuts
     D:2: 556 daAuts
     D:5: 277 daAuts
  Temple: 23 daAuts
